 Dungeon Crawl Stone Soup version 0.19.0-19-g8c6edcc (webtiles) character file.

404 Monsterracer the Cleaver (level 6, -1/52 HPs)
             Began as a Hill Orc Monk on Nov 12, 2016.
             Succumbed to a worker ant's poison
             ... on level 4 of the Dungeon.
             The game lasted 00:07:08 (3150 turns).

Monsterracer the Cleaver (Hill Orc Monk)            Turns: 3150, Time: 00:07:09

Health: -1/52      AC:  9    Str: 14    XL:     6   Next: 86%
Magic:  6/6        EV: 11    Int: 10    God:
Gold:   136        SH:  0    Dex: 15    Spells: 0 memorised, 5 levels left

rFire  + . .     SeeInvis +     p - +2 hand axe (chop)
rCold  + . .     Gourm    .     l - +4 ring mail
rNeg   . . .     Faith    .     (no shield)
rPois  +         Spirit   .     (no helmet)
rElec  +         Reflect  .     (no cloak)
rCorr  +         Harm     .     (no gloves)
MR     .....                    (no boots)
Stlth  +.........               (no amulet)
                                d - ring of see invisible
                                n - ring of flight

@: lethally poisoned (-1 -> -13), resistant
A: no striking features
a: Evoke Flight


You were on level 4 of the Dungeon.
You were not hungry.

You visited 1 branch of the dungeon, and saw 4 of its levels.

You collected 136 gold pieces.

Inventory:

Hand Weapons
 p - a +2 hand axe of chopping (weapon)
Armour
 l - a +4 ring mail (worn)
Jewellery
 d - a ring of see invisible (right hand)
 j - an uncursed ring of magical power
 k - an uncursed ring of stealth
 n - a ring of flight (left hand)
Scrolls
 b - 3 scrolls of identify
 h - a scroll of recharging
 i - 2 scrolls of remove curse
 o - a scroll of fog
Potions
 e - 3 potions of resistance
Comestibles
 a - a chunk of flesh
 c - 5 bread rations
 f - 2 meat rations
 g - a slice of pizza
 m - 3 fruits


   Skills:
 + Level 4.2 Fighting
 * Level 9.2 Axes
 + Level 1.6 Armour
 - Level 2.4 Dodging
 - Level 1.5 Stealth


You had 5 spell levels left.
You didn't know any spells.

Dungeon Overview and Level Annotations

Branches:
Dungeon (4/15)             Temple (0/1) D:4

Altars:
Nemelex Xobeh
Okawaru
Vehumet


Message History

You feel protected.
* * * LOW HITPOINT WARNING * * *
You feel sick.
The worker ant bites you but does no damage.
You hit the worker ant but do no damage.
The worker ant is severely wounded.
* * * LOW HITPOINT WARNING * * *
You feel sick. The worker ant bites you.
* * * LOW HITPOINT WARNING * * *
You closely miss the worker ant.
The worker ant is severely wounded.
* * * LOW HITPOINT WARNING * * *
You feel sick.
The worker ant waves its antennae.
The worker ant bites you.
* * * LOW HITPOINT WARNING * * *
There is a lethal amount of poison in your body!
* * * LOW HITPOINT WARNING * * *
You feel sick.
You die...

#.........# #.........#
#.........#
#########.........#
................>#######
#############.#.........
#.##.####.## #....#
####@# #.####...
#a.....# #######
#S#+#.... #.....#
#†)...### #.###.#
#.....+ #...#.# #.....#
###.#.# #.....# ......#
#...<.#


You could see a worker ant and a ball python.

Vanquished Creatures
  Edmund (D:4)
  Natasha (twice) (D:3)
  3 worker ants
  8 adders
  An ooze (D:2)
  A dart slug (D:1)
  A leopard gecko (D:3)
  8 orcs
  7 bats
  3 giant cockroaches
  10 hobgoblins
  11 jackals (D:1)
  9 kobolds
  3 quokkas
  4 ball pythons (D:2)
  6 frilled lizards
  6 goblins
  8 rats
92 creatures vanquished.

Notes
Turn   | Place    | Note
-------+----------+-------------------------------------------
     0 | D:1      | Monsterracer the Hill Orc Monk began the quest for the Orb.
     0 | D:1      | Reached XP level 1. HP: 19/19 MP: 1/1
    90 | D:1      | Reached XP level 2. HP: 21/26 MP: 2/2
   248 | D:1      | Reached skill level 5 in Axes
   666 | D:1      | Reached XP level 3. HP: 31/31 MP: 3/3
  1142 | D:2      | Found an iron altar of Okawaru.
  1225 | D:2      | Reached skill level 6 in Axes
  1292 | D:2      | Reached XP level 4. HP: 26/39 MP: 4/4
  1463 | D:2      | Found a radiant altar of Vehumet.
  1973 | D:3      | Reached skill level 7 in Axes
  1976 | D:3      | Reached XP level 5. HP: 25/45 MP: 5/5
  2385 | D:3      | Noticed Natasha
  2395 | D:3      | Killed Natasha
  2395 | D:3      | Reached skill level 8 in Axes
  2456 | D:3      | Noticed Natasha
  2469 | D:3      | Killed Natasha
  2757 | D:3      | Found a sparkling altar of Nemelex Xobeh.
  2816 | D:3      | Reached XP level 6. HP: 52/52 MP: 6/6
  2945 | D:4      | Noticed Edmund
  2961 | D:4      | Killed Edmund
  2961 | D:4      | Reached skill level 9 in Axes
  2961 | D:4      | Reached skill level 1 in Armour
  3095 | D:4      | Found a staircase to the Ecumenical Temple.
  3148 | D:4      | HP: 2/52 [worker ant (4)]
  3150 | D:4      | Succumbed to a worker ant's poison

Skill      XL: |  1  2  3  4  5  6 |
---------------+-------------------+-----
Axes           | 5 6 7 8 9 |  9.2
Fighting       | 4 |  4.2
Armour         | 1 |  1.6
Dodging        | |  2.4
Stealth        | |  1.5

Action                   |  1- 3 |  4- 6 || total
-------------------------+-------+-------++-------
Melee: Hand axe          |   124 |   203 ||   327
  Use: Potion            |     3 |     2 ||     5
       Scroll            |       |     6 ||     6
 Stab: Sleeping          |     3 |       ||     3
  Eat: Chunk             |       |     7 ||     7
Armor: Robe              |     3 |       ||     3
       Ring mail         |    54 |    71 ||   125
Dodge: Dodged            |    88 |   100 ||   188
